 Dungeon Crawl Stone Soup version 0.30-b1-2-g02819fbbbe (webtiles) character file.

Game seed: 1413020698233224347

420 PanWiadro the Magician (level 7, -2/46 HPs)
             Began as a Djinni Ice Elementalist on Dec 31, 2023.
             Was an Initiate of Makhleb.
             Slain by a +3 dire flail of speed (11 damage)
             ... created by the rancor of the Wu Jian Council
             ... on level 5 of the Dungeon.
             The game lasted 00:18:09 (3821 turns).

PanWiadro the Magician (Djinni Ice Elementalist)    Turns: 3821, Time: 00:18:09

Health: -2/46      AC:  2    Str:  7    XL:     7   Next: 16%
Gold:   197        EV: 12    Int: 18    God:    Makhleb [......] SH:  0 Dex: 14

rFire   + . .        r - staff of cold
rCold   + . .        (no shield)
rNeg    . . .        a - +0 robe
rPois   ∞            (no helmet)
rElec   .            s - scarf {+Inv}
rCorr   .            (no gloves)
SInv    .            (boots unavailable)
Will    .....        (no amulet)
Stlth   +            n - ring of ice
HPRegen 0.27/turn    k - +4 ring of slaying
MPRegen 0.00/turn

%: infuse magic (-3 HP)
@: silenced, flying, slowed, very slow
A: sickness immunity, fire resistance 2, cold vulnerability 1, float, innate
caster, HP casting, extra vitality 1
a: Renounce Religion, Evoke Invisibility


You were on level 5 of the Dungeon.
You worshipped Makhleb.
Makhleb was noncommittal.
You visited 2 branches of the dungeon, and saw 6 of its levels.

You collected 197 gold pieces.

Inventory:

Hand Weapons
 e - a +1 dagger
 v - a +4 whip
Missiles
 f - 27 stones
 p - 5 poisoned darts
Armour
 a - a +0 robe (worn)
 s - a scarf of invisibility (worn)
Magical Staves
 r - a staff of cold (weapon)
Jewellery
 b - a ring of fire
 k - a +4 ring of slaying (right hand)
 n - a ring of ice (left hand)
 u - a +6 ring of dexterity
Wands
 t - a wand of polymorph (8)
Scrolls
 d - a scroll of enchant weapon
 g - 2 scrolls of amnesia
 h - 3 scrolls of teleportation (quivered)
 i - a scroll of blinking {unknown}
 j - a scroll of torment {unknown}
 o - a scroll of fog {unknown}
Potions
 c - a potion of cancellation {unknown}
 l - 2 potions of curing
 m - 2 potions of attraction
 q - a potion of haste {unknown}


   Skills:
 + Level 0.7 Fighting
 + Level 0.3 Staves
 + Level 2.7 Dodging
 + Level 2.3 Stealth
 + Level 5.8 Spellcasting


You knew the following spells:

 Your Spells              Type           Power      Damage    Failure   Level
a - Freeze                Ice            100%       1d10      1%          1
b - Frozen Ramparts       Ice            100%       1d16      3%          3
c - Ozocubu's Armour      Ice            56%        N/A       3%          3
d - Summon Ice Beast      Ice/Summ       56%        N/A       11%         4
e - Summon Small Mammal   Summ           100%       N/A       1%          1
f - Wereblood             Tmut           26%        N/A       1%          2
g - Confusing Touch       Hex            26%        N/A       3%          3
Your spell library was empty.

Dungeon Overview and Level Annotations

Branches:
Dungeon (5/15)             Temple (1/1) D:4

Altars:
Ashenzari
Elyvilon
Fedhas
Gozag
Hepliaklqana
Makhleb
Nemelex Xobeh
Okawaru
Qazlal
Ru
Trog
Uskayaw
Wu Jian
Yredelemnul
The Shining One

Shops:
D:1 =


Innate Abilities, Weirdness & Mutations

You are immune to sickness and miasma.
You are immune to poison.
Your flesh is very heat resistant. (rF++)
You are vulnerable to cold. (rC-)
You float through the air rather than walking.
You learn spells naturally, not from books.
Your magical power is your life essence.
You have superior vitality. (+4 MHP)


Message History

The hound is severely wounded.
The hound bites you. The hound bites you but does no damage.
Casting: Freeze (safe; 1% risk of failure)
Confirm with . or Enter, or press ? or * to list all spells.
Aiming: Freeze (safe; 1% risk of failure)
Press: ? - help, Shift-Dir - straight line, f/p - hound
Aim: a hound (severely wounded)
You feel a strong surge of power!
You freeze the hound.
The hound is almost dead.
The hound bites you but does no damage.
Casting: Freeze (safe; 1% risk of failure)
Confirm with . or Enter, or press ? or * to list all spells.
Aiming: Freeze (safe; 1% risk of failure)
Press: ? - help, Shift-Dir - straight line, f/p - hound
Aim: a hound (almost dead)
You feel a strong surge of power!
You freeze the hound!
You kill the hound!
Makhleb accepts your kill.
HP restored.
Sifu Xiang Ba whispers: These will loosen your tongue!
The divine experience drains your vigour!
You feel yourself slow down.
A +2 broad axe of freezing, a +4 heavy dire flail, a +1 broad axe of electrocution and a +3 dire flail of speed come into view.
You hit the +1 broad axe of electrocution but do no damage.
The +1 broad axe of electrocution attacks as you move away!
The +1 broad axe of electrocution hits you!
The +4 heavy dire flail barely misses you.
The +3 dire flail of speed hits you!
The +3 dire flail of speed closely misses you.
The +1 broad axe of electrocution hits you.
The +3 dire flail of speed closely misses you.
The +4 heavy dire flail hits you.
The +3 dire flail of speed barely misses you.
The +1 broad axe of electrocution hits you!
* * * LOW HITPOINT WARNING * * *
You hit the +1 broad axe of electrocution but do no damage.
You punch the +1 broad axe of electrocution.
The +1 broad axe of electrocution is lightly damaged.
The +3 dire flail of speed hits you!
You die...

.# .# ####.####.
#.........#
#.........#
######.........#
#(@((..........#
#(####.........#
#.#.............
#.#.#..........#
..# #...........
.. #...<.....##
#.. ##..........
...
.............
...............


You could see 4 dancing weapons.

Vanquished Creatures
  2 hounds
  An iguana (D:4)
  A jelly (D:4)
  A sleepcap (D:4)
  7 adders
  An ufetubus (D:4)
  2 worms
  5 dart slugs
  2 orcs (D:3)
  6 endoplasms
  6 giant cockroaches
  6 hobgoblins
  3 quokkas
  6 ball pythons
  2 bats
  A frilled lizard (D:1)
  3 goblins
  4 kobolds
  8 rats
67 creatures vanquished.

Vanquished Creatures (collateral kills)
  An ogre (D:4)
  Ijyb (D:3)
  4 orcs (D:4)
  A ball python (D:3)
  2 endoplasms (D:3)
  2 goblins (D:3)
  2 kobolds (D:3)
13 creatures vanquished.

Grand Total: 80 creatures vanquished

Notes
Turn   | Place    | Note
-------+----------+-------------------------------------------
     0 | D:1      | PanWiadro the Djinni Ice Elementalist began the quest for
                  | the Orb.
     0 | D:1      | PanWiadro set off with the following spells memorised:
                  | Freeze, Frozen Ramparts, Ozocubu's Armour, Summon Ice
                  | Beast.
     0 | D:1      | Reached XP level 1. HP: 15/15 MP: 0/0
    42 | D:1      | Found Galloz's Jewellery Boutique.
   201 | D:1      | Reached XP level 2. HP: 19/21 MP: 0/0
   626 | D:1      | Found a faded altar of an unknown god.
   802 | D:2      | Reached XP level 3. HP: 23/25 MP: 0/0
   802 | D:2      | Learned a level 1 spell: Summon Small Mammal
   833 | D:2      | Reached skill level 4 in Spellcasting
  1190 | D:2      | Reached XP level 4. HP: 30/31 MP: 0/0
  1817 | D:3      | Noticed Ijyb
  1848 | D:3      | Killed Ijyb
  1849 | D:3      | Reached XP level 5. HP: 23/35 MP: 0/0
  1849 | D:3      | Learned a level 2 spell: Wereblood
  2213 | D:3      | Found an ornate altar of the Wu Jian Council.
  2220 | D:3      | Became a worshipper of the Wu Jian Council
  2239 | D:4      | Found a sand-covered staircase.
  2353 | D:4      | Reached skill level 5 in Spellcasting
  2359 | D:4      | Reached XP level 6. HP: 13/40 MP: 0/0
  2462 | D:4      | Found a staircase to the Ecumenical Temple.
  2487 | Temple   | Entered the Ecumenical Temple
  2695 | Temple   | Fell from the grace of Wu Jian
  2695 | Temple   | Became a worshipper of Makhleb the Destroyer
  3262 | D:4      | Noticed an ogre
  3267 | D:4      | Killed an ogre
  3268 | D:4      | Reached XP level 7. HP: 31/46 MP: 0/0
  3268 | D:4      | Learned a level 3 spell: Confusing Touch
  3770 | D:5      | Entered Level 5 of the Dungeon
  3817 | D:5      | Noticed a +2 broad axe of freezing
  3817 | D:5      | Noticed a +4 heavy dire flail
  3817 | D:5      | Noticed a +1 broad axe of electrocution
  3817 | D:5      | Noticed a +3 dire flail of speed
  3821 | D:5      | Slain by a +3 dire flail of speed

Illustrated notes

Levels and vault maps discovered:
D:1:      dpeg_arrival_shelter, layout_basic, nicolae_ecumenical_snake_handling,
          serial_shops, shop
D:2:      layout_loops_cross
D:3:      layout_rooms, nzn_wu_jian_council_hall, uniq_ijyb
D:4:      layout_loops_ring, minmay_temple_entry_junction_2,
          nicolae_ossuary_entry_ruins, st_stairs_13
D:5:      layout_basic, slow_altar_1, ebering_ghost_disaster_area,
          uniq_crazy_yiuf_cottage
Temple:   minmay_crystal_spiral_temple

Skill      XL: |  1  2  3  4  5 |
---------------+----------------+-----
Spellcasting   | 4 5 |  5.8
Stealth        | 2 |  2.3
Fighting       | |  0.7
Staves         | |  0.3
Dodging        | |  2.7

Action                     |  1- 3 |  4- 6 |  7- 9 || total
---------------------------+-------+-------+-------++-------
  Melee: Unarmed           |     1 |     1 |       ||     2
         Dagger            |     8 |       |       ||     8
         Staff             |       |     8 |     2 ||    10
         Punch             |       |       |     1 ||     1
   Cast: Freeze            |    35 |    63 |     6 ||   104
         Frozen Ramparts   |     1 |     3 |     1 ||     5
         Summon Ice Beast  |       |     6 |       ||     6
Ability: Lunge             |       |     2 |       ||     2
    Use: Scroll            |     2 |     5 |       ||     7
   Stab: Sleeping          |       |     1 |       ||     1
 Armour: Robe              |     4 |     8 |     2 ||    14
  Dodge: Dodged            |    19 |    37 |     5 ||    61
